 Dungeon Crawl Stone Soup version 0.31.0-32-g396128a36d (webtiles) character file.

Game seed: 14636958281714549268

6366 KittyFluff the Mimic (level 10, -1/96 HPs)
             Began as a Troll Shapeshifter on Apr 14, 2024.
             Was a Follower of Trog.
             Slain by an orc warrior
             ... wielding a +0 war axe
              (7 damage)
             ... on level 9 of the Dungeon.
             The game lasted 00:30:59 (7333 turns).

KittyFluff the Mimic (Troll Shapeshifter)           Turns: 7333, Time: 00:31:00

Health: -1/96      AC:  8    Str: 28    XL:     10   Next: 65%
Magic:  9/9        EV: 14    Int:  6    God:    Trog [*.....]
Gold:   372        SH:  8    Dex:  9    Spells: 9/9 levels left

rFire   . .          .
                       - Unarmed
rCold   . . .        M - +0 kite shield
rNeg    . . .        U - +0 acid dragon scales
rPois   +            (helmet currently unavailable)
rElec   .            (cloak currently unavailable)
rCorr   +            (gloves unavailable)
SInv    .            (boots unavailable)
Will    .....        (no amulet)
Stlth   +            E - +5 ring of evasion
HPRegen 1.16/turn    p - ring of poison resistance
MPRegen 0.11/turn

%: no passive effects
@: beast-form
A: beast (slay +4), large, unfitting armour, claws 3, regeneration 1, shaggy fur
1, tough skin 1
a: Begin Untransformation, Renounce Religion, Berserk


You were on level 9 of the Dungeon.
You worshipped Trog.
Trog was aware of your devotion.
You were a hulking beast.
You visited 2 branches of the dungeon, and saw 10 of its levels.

You collected 372 gold pieces.

Inventory:

Hand Weapons
 k - a +0 spear
 q - a +0 sling
 z - a +0 quarterstaff
 B - a +0 shortbow of flaming
 L - a +2 whip of freezing
 Q - a +2 mace
 R - a +0 orcbow
 W - the +7 war axe of Fragile Peace {heavy, *Rage MP+9 Dex+4}
   (You found it on level 8 of the Dungeon)

   Dex+4:     It affects your dexterity (+4).
   MP+9:      It affects your magic capacity (+9).
   *Rage:     It berserks you when you make melee attacks (+20% chance).
Missiles
 e - 61 stones (quivered)
 j - 38 poisoned darts
 s - 7 boomerangs
 y - 2 curare-tipped darts
 A - a throwing net
 J - 3 large rocks
Armour
 G - a +0 cloak
 M - a +0 kite shield (worn)
 U - +0 acid dragon scales (worn)
 V - a +0 hat
Jewellery
 p - a ring of poison resistance (right claw)
 E - a +5 ring of evasion (left claw)
 P - a ring of see invisible
 X - a ring of protection from fire
Talismans
 c - a beast talisman
 d - a flux talisman
 C - a maw talisman
Wands
 b - a wand of flame (23)
 N - a wand of roots (7)
 S - a wand of digging (4)
 T - a wand of paralysis (10)
Scrolls
 a - a scroll of vulnerability {unknown}
 f - a scroll of butterflies {unknown}
 g - a scroll of fear {unknown}
 h - a scroll of noise {unknown}
 i - 3 scrolls of blinking {unknown}
 l - 5 scrolls of enchant armour {unknown}
 r - 3 scrolls of fog {unknown}
 u - 6 scrolls of teleportation
 x - 2 scrolls of immolation
 F - a scroll of enchant weapon {unknown}
 I - a scroll of amnesia {unknown}
Potions
 m - a potion of enlightenment {unknown}
 t - 4 potions of curing
 v - 2 potions of cancellation
 w - 2 potions of haste {unknown}
 D - a potion of lignification
 H - 2 potions of resistance {unknown}
 K - a potion of heal wounds {unknown}
 O - a potion of mutation {unknown}


   Skills:
 + Level 5.3 Fighting
 + Level 5.6 Throwing
 + Level 1.5 Armour
 + Level 5.4 Dodging
 + Level 3.6 Shields
 + Level 6.8 Unarmed Combat
 * Level 8.9 Shapeshifting


You had 9 spell levels left.
You didn't know any spells.
Your spell library contained the following spells:

 Spells                   Type           Power      Damage    Failure   Level
 Apportation              Tloc           0%         N/A       75%         1
 Necrotise                Necr           0%         1d4       75%         1
 Sting                    Conj/Alch      0%         1d3       75%         1
 Summon Small Mammal      Summ           0%         N/A       75%         1


Dungeon Overview and Level Annotations

Branches:
Dungeon (9/15)             Temple (1/1) D:7            Lair (0/5) D:8
    Orc: D:9-12

Altars:
Ashenzari
Cheibriados
Dithmenos
Elyvilon
Fedhas
Gozag
Kikubaaqudgha
Makhleb
Nemelex Xobeh
Okawaru
Qazlal
Ru
Sif Muna
Trog
Uskayaw
Vehumet
Wu Jian
Yredelemnul
Zin
The Shining One

Shops:
D:1 :

Annotations:
D:7 2 transporters


Innate Abilities, Weirdness & Mutations

You are a hulking beast.
Your limbs bulge with bestial killing power. (Slay +4)
You are too large for most types of armour.
You have claws for hands.
Your natural rate of healing is unusually fast.
You are covered in fur. (AC +1)
You have tough skin. (AC +1)


Message History

The orc warrior misses you.
You closely miss the orc warrior.
The orc warrior is moderately wounded.
The orc hits you with a +0 trident!
* * * LOW HITPOINT WARNING * * *
The orc warrior hits you from afar with a +0 trident!
* * * LOW HITPOINT WARNING * * *
The orc warrior hits you with a +0 war axe.
* * * LOW HITPOINT WARNING * * *
You claw the orc warrior!
The orc warrior is severely wounded.
The orc misses you. You block the orc warrior's attack.
The orc warrior closely misses you.
You scratch the orc warrior.
The orc warrior is almost dead.
The orc closely misses you.
The orc warrior hits you from afar with a +0 trident!
* * * LOW HITPOINT WARNING * * *
You block the orc warrior's attack.
You barely miss the orc warrior.
The orc warrior is almost dead.
The orc barely misses you. The orc warrior misses you.
You block the orc warrior's attack.
You completely miss the orc warrior.
The orc warrior is almost dead.
The orc hits you but does no damage. You block the orc warrior's attack.
The orc warrior closely misses you.
You barely miss the orc warrior.
The orc warrior is almost dead.
The orc misses you. The orc warrior barely misses you.
You block the orc warrior's attack.
You completely miss the orc warrior.
The orc warrior is almost dead.
The orc closely misses you. The orc warrior misses you.
The orc warrior closely misses you.
You scratch the orc warrior but do no damage.
The orc warrior is almost dead.
The orc hits you but does no damage. You block the orc warrior's attack.
The orc warrior hits you with a +0 war axe!
You die...

.####....###############
.#..#....#.............#
.#..#....#.............#
†#..'....#.............#
....#....######..#######
###.###.......#.)# #.####
#....#.......#..# .....
#....#<......'..# ...o
#....#.......#oh# ..o
###.###.......#o## .o#
..#.######....#o.##..##
....'....#....#.oo#...#
....#....#..))#...oo.)#
....#....#....#...#.......
#.########....#...o.......
## ####..#..........
#.##..!.....~~


You could see 2 orc warriors and an orc.

Vanquished Creatures
  A two-headed ogre (D:8)
  Pikel (D:4)
  A komodo dragon (D:8)
  A hornet (D:8)
  A wyvern (D:8)
  5 yaks (D:8)
  2 basilisks (D:8)
  A water moccasin (D:7)
  An acid dragon (D:8)
  A black bear (D:6)
  An ice beast (D:6)
  3 sky beasts (D:7)
  An orc warrior (D:8)
  2 ogres
  3 centaurs
  A phantom (D:5)
  2 kobold brigands
  A bullfrog (D:7)
  2 scorpions
  11 wights
  12 killer bees
  3 howler monkeys
  2 bombardier beetles
  A hound (D:7)
  A jelly (D:5)
  4 orc priests
  Crazy Yiuf (D:7)
  2 gnoll boudas
  3 sleepcaps
  3 iguanas
  11 orc wizards
  7 gnolls (D:4)
  6 adders
  A white imp (D:6)
  2 dart slugs
  A ribbon worm (D:5)
  38 orcs
  5 ball pythons
  8 endoplasms
  3 giant cockroaches
  6 goblins
  4 hobgoblins
  4 jackals (D:5)
  2 quokkas
  4 bats
  3 frilled lizards (D:1)
  9 kobolds
  6 rats
194 creatures vanquished.

Notes
Turn   | Place    | Note
-------+----------+-------------------------------------------
     0 | D:1      | KittyFluff the Troll Shapeshifter began the quest for the
                  | Orb.
     0 | D:1      | Reached XP level 1. HP: 18/18 MP: 0/0
   155 | D:1      | Reached skill level 1 in Fighting
   161 | D:1      | Reached XP level 2. HP: 27/27 MP: 1/1
   173 | D:1      | Found Jaahogup's Book Shoppe.
  1063 | D:2      | Reached XP level 3. HP: 33/33 MP: 2/2
  1738 | D:3      | Reached XP level 4. HP: 37/41 MP: 3/3
  2188 | D:4      | Identified the +1 leather armour "Gutoonn" {Rampage Int+2
                  | Stlth-}
  2253 | D:4      | Noticed a scorpion
  2262 | D:4      | Killed a scorpion
  2263 | D:4      | Reached skill level 1 in Throwing
  2263 | D:4      | Reached skill level 4 in Shapeshifting
  2263 | D:4      | Reached XP level 5. HP: 34/49 MP: 4/4
  2353 | D:4      | Noticed an ogre
  2367 | D:4      | Killed an ogre
  2770 | D:4      | Noticed a lemure
  2770 | D:4      | Noticed a lemure
  2771 | D:4      | Noticed Pikel
  2775 | D:4      | Noticed a lemure
  2787 | D:4      | Killed Pikel
  2788 | D:4      | Reached skill level 5 in Shapeshifting
  2788 | D:4      | Reached XP level 6. HP: 18/59 MP: 5/5
  2788 | D:4      | Reached XP level 7. HP: 20/66 MP: 6/6
  3160 | D:5      | Entered Level 5 of the Dungeon
  3167 | D:5      | Found a snail-covered altar of Cheibriados.
  3336 | D:5      | Found an opulent altar of Gozag.
  3361 | D:5      | Reached XP level 8. HP: 51/75 MP: 7/7
  3569 | D:5      | Reached skill level 6 in Shapeshifting
  4118 | D:6      | Reached skill level 5 in Unarmed Combat
  4269 | D:6      | Found an ornate altar of the Wu Jian Council.
  4600 | D:6      | Noticed a rust devil
  4600 | D:6      | Noticed a rust devil
  4958 | D:7      | Found a transporter.
  4958 | D:7      | Found a transporter.
  4982 | D:7      | Reached skill level 7 in Shapeshifting
  4998 | D:7      | Reached XP level 9. HP: 68/84 MP: 8/8
  5038 | D:7      | Found a staircase to the Ecumenical Temple.
  5101 | Temple   | Entered the Ecumenical Temple
  5150 | D:7      | Found a runed translucent door.
  5151 | D:7      | Noticed Crazy Yiuf
  5157 | D:7      | Killed Crazy Yiuf
  5158 | D:7      | Reached skill level 1 in Shields
  5699 | D:8      | Found a hide-covered altar of Uskayaw.
  5870 | D:8      | Reached skill level 8 in Shapeshifting
  5872 | D:8      | Reached skill level 5 in Throwing
  5882 | D:8      | Reached XP level 10. HP: 73/94 MP: 9/9
  6073 | D:8      | Reached skill level 5 in Dodging
  6247 | D:8      | Reached skill level 5 in Fighting
  6297 | D:8      | Found a staircase to the Lair.
  6308 | D:8      | Identified the +7 war axe of Fragile Peace {heavy, *Rage
                  | MP+9 Dex+4}
  6652 | D:8      | Found a bloodstained altar of Trog.
  6662 | D:8      | Became a worshipper of Trog the Wrathful
  6947 | D:8      | Noticed a two-headed ogre
  6964 | D:8      | Killed a two-headed ogre
  6965 | D:8      | Reached skill level 1 in Armour
  7310 | D:9      | Reached * piety under Trog
  7328 | D:9      | HP: 1/96 [orc warrior/+0 trident (13)]
  7333 | D:9      | Slain by an orc warrior

Illustrated notes

Levels and vault maps discovered:
D:1:      nagdon_arrival_double_spiral, layout_basic, serial_shops,
          nicolae_shop_window_shopping, serial_bayou_pond_e,
          kennysheep_minor_cross
D:2:      minmay_evil_eye, layout_basic, kennysheep_generic_room_9
D:3:      layout_rooms, serial_bayou, serial_bayou_lake_a, serial_bayou_shore_b,
          serial_bayou_ford_a, serial_bayou_pond_e, grunt_ministairs_13,
          kennysheep_generic_room_8
D:4:      layout_basic, uniq_pikel
D:5:      layout_cave_pools, slow_altar_1, nicolae_gozag_seed_capital,
          serial_glass, glass_columns_c, glass_columns_b, minmay_starry_boxes
D:6:      cheibrodos_iron_armory, layout_gridville,
          nicolae_wu_jian_wuxing_cycle, nrook_mini_vaults, nicolae_tricolors
D:7:      gammafunk_beogh_shrine, layout_loops_ring,
          minmay_temple_entry_sparse_star, uniq_crazy_yiuf_cottage
D:8:      layout_basic, mainiacjoe_overflow_chevrons,
          nicolae_uskayaw_murder_on_the_dancefloor, erik_lair_dragon
D:9:      cheibrodos_helix_gallery, layout_gridville,
          regret_index_temple_of_mockery
Temple:   nicolae_temple_no_exploring_needed

Skill      XL: |  1  2  3  4  5  6  7  8  9 10 |
---------------+-------------------------------+-----
Fighting       | 1 2 3 4 5 |  5.3
Dodging        | 2 3 4 5 |  5.4
Throwing       | 1 2 3 4 5 |  5.6
Shapeshifting  | 4 5 7 8 |  8.9
Unarmed Combat | 4 5 6 |  6.8
Shields        | 2 3 |  3.6
Armour         | 1 |  1.5

Action                     |  1- 3 |  4- 6 |  7- 9 | 10-12 || total
---------------------------+-------+-------+-------+-------++-------
  Melee: Unarmed           |   111 |    51 |   267 |   144 ||   573
         Punch             |     2 |     2 |     3 |       ||     7
  Throw: Stone             |       |       |       |     4 ||     4
    Use: Potion            |       |     1 |       |       ||     1
         Scroll            |       |       |     5 |       ||     5
 Armour: Animal skin       |    42 |       |       |       ||    42
         Robe              |    20 |    28 |   119 |    26 ||   193
         Skin              |       |     2 |       |       ||     2
         Acid dragon scale |       |       |       |    68 ||    68
  Dodge: Dodged            |    41 |    19 |   142 |    68 ||   270
  Block: Kite shield       |       |       |    35 |    51 ||    86
